 Dungeon Crawl Stone Soup version 0.30-a0-311-gf115ab0292 (webtiles) character file.

Game seed: 17960525388639751661

314 blackman the Magician (level 6, 0/47 HPs)
             Began as a Human Delver on Oct 25, 2022.
             Slain by a jelly (1 damage)
             ... on level 4 of the Dungeon.
             The game lasted 00:07:58 (2164 turns).

blackman the Magician (Human Delver)                Turns: 2164, Time: 00:07:58

Health: 0/47       AC:  2    Str: 13    XL:     6   Next: 72%
Magic:  14/14      EV:  9    Int: 12    God:
Gold:   26         SH:  8    Dex: 14    Spells: 16/16 levels left

rFire   . . .      SeeInvis .    a - +0 spear
rCold   + . .      Faith    .    f - +0 buckler
rNeg    . . .      Spirit   .    i - +7 Kryia's mail coat {PotionHeal*2 rC+}
rPois   .          Reflect  +    d - +0 helmet
rElec   .          Harm     .    (no cloak)
rCorr   .          Rampage  .    (no gloves)
Will    .....                    (no boots)
Stlth   ++........               e - amulet of reflection
HPRegen 0.27/turn                (no ring)
MPRegen 0.14/turn                (no ring)

@: corroded, invisible
A: no striking features
a: no special abilities


You were on level 4 of the Dungeon.
You visited 1 branch of the dungeon, and saw 3 of its levels.

You collected 26 gold pieces.

Inventory:

Hand Weapons
 a - a +0 spear (weapon)
Armour
 b - a +0 leather armour
 d - a +0 helmet (worn)
 f - a +0 buckler (worn)
 i - the +7 Kryia's mail coat (worn) {PotionHeal*2 rC+}
   (You found it on level 5 of the Dungeon)

   Potions are twice as effective at healing its wearer.
   rC:        It protects you from cold.
Jewellery
 e - an amulet of reflection (around neck)
Wands
 g - a wand of digging (2)
Scrolls
 c - a scroll of fog
 h - a scroll of magic mapping


   Skills:
 - Level 3.0 Fighting
 - Level 2.0 Polearms
 - Level 2.0 Dodging
 - Level 5.0 Stealth
 * Level 5.6 Spellcasting


You had 16 spell levels left.
You didn't know any spells.
Your spell library was empty.

Dungeon Overview and Level Annotations

Branches:
Dungeon (6/15)
 Temple: D:4-7

Altars:
Xom


Message History

Aim: a jelly (almost dead, will become a ball python, an adder, or a bat, chance to affect: 57%)
The jelly resists with significant effort.
The jelly hits you but does no damage.
Aiming: Polymorph
Press: ? - help, Shift-Dir - straight line, f/p - jelly
Aim: a jelly (almost dead, will become a ball python, an adder, or a bat, chance to affect: 57%)
The jelly resists with significant effort.
The jelly jiggles.
You block the jelly's attack.
Aiming: Polymorph
Press: ? - help, Shift-Dir - straight line, f/p - jelly
Aim: a jelly (almost dead, will become a ball python, an adder, or a bat, chance to affect: 57%)
The jelly resists with significant effort.
The now-empty wand crumbles to dust.
The jelly hits you but does no damage.
Unknown command.
Unknown command.
You hit the jelly.
Your hands burn!
The jelly is almost dead.
The jelly barely misses you.
You hit the jelly but do no damage. The acid corrodes you!
Your hands burn!
* * * LOW HITPOINT WARNING * * *
The jelly is almost dead.
You block the jelly's attack.
You hit the jelly but do no damage.
Your hands burn!
* * * LOW HITPOINT WARNING * * *
The jelly is almost dead.
You block the jelly's attack.
You hit the jelly but do no damage.
Your hands burn!
* * * LOW HITPOINT WARNING * * *
The jelly is almost dead.
The jelly barely misses you.
You hit the jelly but do no damage.
Your hands burn!
* * * LOW HITPOINT WARNING * * *
The jelly is almost dead.
The jelly hits you but does no damage.
You hit the jelly but do no damage.
Your hands burn!
* * * LOW HITPOINT WARNING * * *
The jelly is almost dead.
The jelly hits you.
You die...

#.#.#.#.#.#..# #..
#.#.#.#.#.#.#
#######.##.#.#.#.#.#..#
....#....#.#.#.#.#.###
...#..##.#.#.#.#.#.#
#......#.#.#.#)#)##
#.....#.#.#.#.#.#.#
#.#J#..#.# #.#.#.##
#.)@..#.# #.#.#.#.#
#.#..#..# ##.###..#
#...###.####.# #.##
##.## ##...#.###.### ##
#......##....#
#.##..#.....#.. #.#
#..#.~~~.#.# ##
#.....⌠..#.#
#....~~....#


You could see a jelly.

Vanquished Creatures
  A necrophage (D:4)
  A scorpion (D:4)
  An orc priest (D:4)
  2 iguanas
  An orc wizard (D:4)
  Natasha (thrice) (D:4)
  An ufetubus (D:5)
  2 orcs (D:4)
  An endoplasm (D:4)
  2 goblins (D:4)
  A hobgoblin (D:4)
  A ball python (D:4)
17 creatures vanquished.

Notes
Turn   | Place    | Note
-------+----------+-------------------------------------------
     0 | D:5      | blackman the Human Delver began the quest for the Orb.
     0 | D:5      | Reached XP level 1. HP: 18/18 MP: 1/1
    24 | D:5      | Noticed an orc wizard
    70 | D:5      | Noticed a phantom
   225 | D:6      | Noticed a hound
   242 | D:6      | Found a blossoming altar of Fedhas.
   244 | D:6      | Found a radiant altar of Vehumet.
   244 | D:6      | Found a hide-covered altar of Uskayaw.
   249 | D:6      | Found a shimmering altar of Xom.
   249 | D:6      | Found a shadowy altar of Dithmenos.
   249 | D:6      | Found a hazy altar of Hepliaklqana.
   316 | D:6      | Noticed an iguana
   348 | D:5      | Found the +7 Kryia's mail coat {PotionHeal*2 rC+}
   371 | D:5      | Noticed an iguana
   373 | D:5      | Noticed an ice beast
   428 | D:5      | Reached skill level 1 in Spellcasting
   450 | D:5      | Noticed an iguana
   483 | D:5      | Killed an iguana
   484 | D:5      | Reached XP level 2. HP: 6/24 MP: 2/5
   484 | D:5      | Reached XP level 3. HP: 7/29 MP: 2/6
   737 | D:4      | Noticed Natasha
   759 | D:4      | Killed Natasha
   760 | D:4      | Reached XP level 4. HP: 35/35 MP: 6/8
   765 | D:4      | Noticed a necrophage
   819 | D:4      | Killed a necrophage
   820 | D:4      | Reached XP level 5. HP: 11/41 MP: 8/11
  1118 | D:4      | Noticed Natasha
  1285 | D:5      | Noticed a water moccasin
  1451 | D:5      | Noticed an ogre
  1467 | D:4      | Killed Natasha
  1468 | D:4      | Reached XP level 6. HP: 36/47 MP: 11/13
  1516 | D:4      | Noticed Natasha
  1530 | D:4      | Killed Natasha
  1531 | D:4      | Reached skill level 5 in Spellcasting
  2164 | D:4      | HP: 1/47 [acid (3)]
  2164 | D:4      | Slain by a jelly

Illustrated notes

Levels and vault maps discovered:
D:4:      minmay_door_path, layout_loops_ring, corexii_shack,
          corexii_leaking_fountain, hangedman_decor_riveting, minivault_23,
          st_stairs_6, uniq_menkaure, uniq_natasha, uniq_blork_the_orc
D:5:      layout_gridville
D:6:      layout_basic, doesnt_xom_only_xom, kennysheep_generic_room_10,
          uniq_duvessa

Skill      XL: |  1  2  3  4  5  6 |
---------------+-------------------+-----
Spellcasting   | 2 3 4 5 |  5.6
Fighting       | |  3.0
Polearms       | |  2.0
Dodging        | |  2.0
Stealth        | |  5.0

Action                   |  1- 3 |  4- 6 || total
-------------------------+-------+-------++-------
Melee: Spear             |    72 |   201 ||   273
       Punch             |     1 |       ||     1
       Unarmed           |     6 |    12 ||    18
Evoke: Wand              |     1 |     3 ||     4
  Use: Potion            |     2 |     1 ||     3
       Scroll            |     2 |       ||     2
 Stab: Sleeping          |     1 |     2 ||     3
Armor: Scale mail        |    58 |    88 ||   146
       Skin              |     1 |     1 ||     2
Dodge: Dodged            |    68 |    60 ||   128
Block: Buckler           |     1 |    56 ||    57
       Other             |     1 |       ||     1

Table legend: (Time is in decaauts)
 A = Elapsed time spent in this place.
 B = Non-inter-level travel time spent in this place.
 C = Inter-level travel time spent in this place.
 D = Time resting spent in this place.
 E = Time spent auto-exploring this place.
 F = Levels seen in this place.
 G = Mean time per level.
                   A        B        C        D        E       F      G
               +--------+--------+--------+--------+--------+-----+--------+
         Total |   2158 |   2138 |     20 |   1140 |    273 |   3 |  719.3 |
       Dungeon |   2158 |   2138 |     20 |   1140 |    273 |   3 |  719.3 |
               +--------+--------+--------+--------+--------+-----+--------+

Top non-repeatable levels by time:
     D:4: 1142 daAuts
     D:5: 867 daAuts
     D:6: 148 daAuts
